 Dungeon Crawl Stone Soup version 0.31-a0-625-gc9c7e45f3f (webtiles) character file.

Game seed: 8499767000406100475

254 AdnanSaban the Shield-Bearer (level 6, -3/38 HPs)
             Began as a Gargoyle Fighter on Aug 24, 2023.
             Slain by a gnoll
             ... wielding a +0 whip
             ... led by a gnoll bouda
              (4 damage)
             ... on level 3 of the Dungeon.
             The game lasted 00:02:17 (2803 turns).

AdnanSaban the Shield-Bearer (Gargoyle Fighter)     Turns: 2803, Time: 00:02:18

Health: -3/38      AC: 17    Str: 22    XL:     6   Next: 14%
Magic:  6/6        EV:  6    Int:  8    God:
Gold:   137        SH:  4    Dex:  9    Spells: 5/5 levels left

rFire   . . .        a - +0 flail
rCold   . . .        c - +0 buckler
rNeg    + . .        j - +0 plate armour
rPois   ∞            k - +0 helmet
rElec   +            (no cloak)
rCorr   .            (no gloves)
SInv    .            (no boots)
Will    .....        (no amulet) Stlth
                     (no ring)
HPRegen 0.26/turn    (no ring)
MPRegen 0.10/turn

%: no passive effects
@: no status effects
A: sickness immunity, AC +4, negative energy resistance 1, electricity
resistance, torment resistance 1, petrification resistance
a: no special abilities


You were on level 3 of the Dungeon.
You visited 1 branch of the dungeon, and saw 4 of its levels.

You collected 137 gold pieces.

Inventory:

Hand Weapons
 a - a +0 flail (weapon)
Missiles
 r - 3 poisoned darts
Armour
 c - a +0 buckler (worn)
 j - a +0 plate armour (worn)
 k - a +0 helmet (worn)
Scrolls
 e - 2 scrolls of fog {unknown}
 f - a scroll of teleportation {unknown}
 g - 2 scrolls of identify {unknown}
 h - 2 scrolls of fear {unknown}
 i - a scroll of vulnerability {unknown}
 l - a scroll of poison {unknown}
 m - a scroll of blinking {unknown}
 p - a scroll of enchant weapon {unknown}
 s - a scroll of torment {unknown}
 t - a scroll of immolation {unknown}
Potions
 b - 2 potions of attraction {unknown}
 d - 2 potions of might
 n - a potion of curing {unknown}
 o - a potion of brilliance {unknown}
 q - a potion of resistance {unknown}


   Skills:
 + Level 4.0 Fighting
 + Level 4.3 Maces & Flails
 + Level 4.2 Armour
 + Level 0.4 Dodging
 + Level 4.4 Shields


You had 5 spell levels left.
You didn't know any spells.
Your spell library contained the following spells:

 Spells                   Type           Power      Damage    Failure   Level
 Ignite Poison            Fire/Tmut/Pois 0%         N/A       100%        3
 Sticky Flame             Conj/Fire      0%         2d3       100%        4
 Ignition                 Fire           0%         3d3       100%        8


Dungeon Overview and Level Annotations

Branches:
Dungeon (4/15)
 Temple: D:4-7

Altars:
Yredelemnul


Innate Abilities, Weirdness & Mutations

You are immune to sickness and miasma.
Your stone body is resilient. (AC +4)
You are immune to poison.
You resist negative energy. (rN+)
You are resistant to electric shocks. (rElec)
You are resistant to unholy torment.
You are immune to petrification.


Message History

You are too injured to fight recklessly!
You are too injured to fight recklessly!
Unknown command.
The gnoll hits you but does no damage. x2
The gnoll hits you from afar with a +1 vampiric spear.
The gnoll hits you with a +0 club.
* * * LOW HITPOINT WARNING * * *
You climb upwards.
There is a stone staircase leading down here.
You hit the gnoll.
The gnoll is almost dead.
You block the gnoll's attack. The gnoll hits you but does no damage.
The gnoll barely misses you.
You closely miss the gnoll.
The gnoll is almost dead.
The gnoll hits you but does no damage. x2
You barely miss the gnoll.
The gnoll is almost dead.
The gnoll hits you with a +0 club.
* * * LOW HITPOINT WARNING * * *
You block the gnoll's attack.
You barely miss the gnoll.
The gnoll is almost dead.
The gnoll hits you with a +0 club.
* * * LOW HITPOINT WARNING * * *
You block the gnoll's attack.
You closely miss the gnoll.
The gnoll is almost dead.
The gnoll barely misses you. The gnoll hits you but does no damage.
You barely miss the gnoll.
The gnoll is almost dead.
You block the gnoll's attack. The gnoll hits you but does no damage.
The gnoll hits you with a +0 club.
* * * LOW HITPOINT WARNING * * *
Unknown command.
You closely miss the gnoll.
The gnoll is almost dead.
The gnoll is no longer moving quickly.
The gnoll hits you but does no damage. x2
The gnoll hits you with a +0 whip.
You die...

#.#.#.##.§§#...#
#.....##§§§###.#
#####.####§§§.....
#..........§§§≈≈≈≈
#.###.####........
#.# #.# ##....###
#.###.#####.......
#g...........#####
#@.##.#####..# #
#.g##.## #..# #
#).#...####..#####
#......|..).......
##.#...#####..[...
#.#...## #.#####
#..###.## #.# #..#
#..# #.# ##.###..#
#.#


You could see 2 gnolls.

Vanquished Creatures
  A gnoll bouda (D:4)
  A hound (D:4)
  An orc priest (D:3)
  An iguana (D:4)
  An orc wizard (D:3)
  A gnoll (D:4)
  3 adders (D:2)
  A worm (D:2)
  2 dart slugs
  4 orcs
  9 ball pythons
  3 endoplasms
  2 giant cockroaches
  9 goblins
  4 hobgoblins (D:3)
  5 jackals
  2 quokkas (D:2)
  8 bats
  3 frilled lizards
  8 kobolds
  6 rats
75 creatures vanquished.

Notes
Turn   | Place    | Note
-------+----------+-------------------------------------------
     0 | D:1      | AdnanSaban the Gargoyle Fighter began the quest for the
                  | Orb.
     0 | D:1      | Reached XP level 1. HP: 14/14 MP: 1/1
   167 | D:1      | Reached XP level 2. HP: 19/19 MP: 2/2
  1027 | D:2      | Reached XP level 3. HP: 23/23 MP: 3/3
  1291 | D:2      | Reached XP level 4. HP: 24/28 MP: 4/4
  1739 | D:3      | Found a basalt altar of Yredelemnul.
  2157 | D:3      | Reached XP level 5. HP: 33/33 MP: 5/5
  2170 | D:3      | Identified the +2 ring mail of Broken Taboos {Drain Str+3
                  | Dex+6 SInv}
  2792 | D:4      | Reached XP level 6. HP: 31/38 MP: 6/6
  2802 | D:3      | HP: 1/38 [gnoll/+0 club[a gnoll bouda] (4)]
  2803 | D:3      | Slain by a gnoll

Illustrated notes

Levels and vault maps discovered:
D:1:      lightli_arrival_statue_moat, layout_loops_corners
D:2:      layout_basic, minmay_misc_feat_hallway, moated_statue, minivault_26,
          grunt_ministairs_13
D:3:      layout_loops_ring, mainiacjoe_overflow_brackets, nrook_uturn
D:4:      nicolae_cairo_tiling_large_dashed, layout_basic, kennysheep_mini

Skill      XL: |  1  2  3  4  5 |
---------------+----------------+-----
Shields        | 4 |  4.4
Maces & Flails | 3 4 |  4.3
Armour         | 4 |  4.2
Fighting       | 4 |  4.0
Dodging        | |  0.4

Action                     |  1- 3 |  4- 6 || total
---------------------------+-------+-------++-------
  Melee: Flail             |   132 |   134 ||   266
 Armour: Scale mail        |    24 |       ||    24
         Plate armour      |   100 |   119 ||   219
  Dodge: Dodged            |    52 |    48 ||   100
  Block: Buckler           |    32 |    30 ||    62

Table legend: (Time is in decaauts)
 A = Elapsed time spent in this place.
 B = Non-inter-level travel time spent in this place.
 C = Inter-level travel time spent in this place.
 D = Time resting spent in this place.
 E = Time spent auto-exploring this place.
 F = Levels seen in this place.
 G = Mean time per level.
                   A        B        C        D        E       F      G
               +--------+--------+--------+--------+--------+-----+--------+
         Total |   2881 |   2766 |    115 |      0 |   2156 |   4 |  720.2 |
       Dungeon |   2881 |   2766 |    115 |      0 |   2156 |   4 |  720.2 |
               +--------+--------+--------+--------+--------+-----+--------+

Top non-repeatable levels by time:
     D:1: 915 daAuts
     D:3: 893 daAuts
     D:2: 819 daAuts
     D:4: 252 daAuts
